 Dungeon Crawl Stone Soup version 0.16.2-12-gd0ad4c3 (webtiles) character file.

357 hannobal the Slasher (level 6, -2/39 HPs)
             Began as a High Elf Skald on Oct 23, 2015.
             Was an Initiate of Ru.
             Shot with an arrow by a centaur (3 damage)
             ... on level 3 of the Dungeon.
             The game lasted 00:15:52 (4724 turns).

hannobal the Slasher (High Elf Skald)               Turns: 4724, Time: 00:15:52

Health: -2/39      AC:  7    Str: 13    XL:     6   Next: 37%
Magic:  15/15      EV: 11    Int: 16    God:    Ru [......]
Gold:   164        SH:  0    Dex: 15    Spells: 4 memorised, 1 level left

rFire  . . .     SeeInvis .     a - +1 falchion
rCold  . . .     Clarity  .     f - +1 ring mail
rNeg   . . .     SustAb   .     (no shield)
rPois  .         Gourm    .     (no helmet)
rElec  .         Spirit   .     u - +0 cloak
rCorr  .         Warding  .     (no gloves)
rMut   .         Stasis   .     (no boots)
MR     .....                    (no amulet)
Stlth  +.........               (no ring)
                                (no ring)

@: not resistant to hostile enchantments, very unstealthy
A: no striking features
a: Renounce Religion


You were on level 3 of the Dungeon.
You worshipped Ru.
Ru was noncommittal.
You were not hungry.

You visited 1 branch of the dungeon, and saw 3 of its levels.

You collected 164 gold pieces.

Inventory:

Hand weapons
 a - a +1 falchion (weapon)
 b - a +0 blowgun
 h - a +0 spear
 l - a +0 quarterstaff
Missiles
 g - 89 stones (quivered)
 k - 2 needles of slowing
 n - 5 tomahawks
 t - 2 curare-tipped needles
Armour
 f - a +1 ring mail (worn)
 u - a +0 cloak (worn)
Scrolls
 i - a scroll of identify
 j - a scroll of noise
 m - a scroll of enchant weapon
 r - a scroll of remove curse
Potions
 e - a potion of magic
 q - a potion of heal wounds
 s - 3 potions of brilliance
Books
 c - a book of Battle

   Spells                             Type                      Level
   a - Infusion                       Charms                       1
   b - Shroud of Golubria             Charms/Translocation         2
   c - Song of Slaying                Charms                       2
   d - Spectral Weapon                Hexes/Charms                 3
   e - Regeneration                   Charms/Necromancy            3
Comestibles
 d - a bread ration {@e1}
 p - a meat ration {@e2}


   Skills:
 - Level 2.0 Fighting
 - Level 6.0 Long Blades
 - Level 1.2 Armour
 - Level 2.3 Dodging
 - Level 2.4 Spellcasting
 + Level 1.7 Hexes
 - Level 5.1 Charms
 - Level 1.0 Translocations


You had one spell level left.
You knew the following spells:

 Your Spells              Type           Power        Failure   Level  Hunger
a - Infusion              Chrm           ###...       6%          1    #......
b - Song of Slaying       Chrm           ###.....     10%         2    ###....
c - Shroud of Golubria    Chrm/Tloc      ##........   21%         2    ###....
d - Spectral Weapon       Hex/Chrm       ##......     30%         3    ###....


Dungeon Overview and Level Annotations

Branches:
Dungeon (3/15)

Altars:
Makhleb
Nemelex Xobeh
Ru
Xom


Message History

The ooze closely misses you.
You slash the ooze!
The ooze is severely wounded.
The ooze closely misses you.
The centaur shoots an arrow.
The arrow hits you. The arrow burns you.
You are too injured to fight recklessly!
You are too injured to fight recklessly!
You are too injured to fight recklessly!
The centaur unwields an uncursed shortbow of flaming.
It stops flaming.
The centaur hits you.
You barely miss the centaur. The centaur closely misses you.
The centaur hits you! The centaur completely misses you.
The centaur hits you but does no damage.
The centaur closely misses you.
The centaur wields an uncursed shortbow of flaming.
It bursts into flame!
The centaur shoots an arrow.
The arrow hits you!
* * * LOW HITPOINT WARNING * * *
The arrow burns you.
You die...

#'# ##.## #..#.#.#.# ... #.#
#..#...#.# #...# #.# #..##..#.#
#...# ##(## #..##..#.# #####
##...## #..##..#.# ##.....##
#........# ########......c##
##.###)####
...#.##.......J.####...##.#
.)....'.........@....)..#.#####
...#.##.........####..!.......#
..##.###.......## ##.#.....#.#
.....# ##.....## #.....⌠.⌠.#
.##.## ##...## #.#...._..#
....# ##'## #.#...⌠.⌠## .#..#
#.# #.###...## ....### #.# #.#
##### ......# ##.## #.#


You could see a centaur and an ooze.

Vanquished Creatures
  4 crimson imps (D:3)
  Crazy Yiuf (D:3)
  Jessica (D:1)
  3 gnolls
  6 adders
  A worm (D:1)
  3 giant geckos
  An ooze (D:3)
  5 orcs (D:3)
  4 giant cockroaches
  6 hobgoblins
  6 jackals
  6 kobolds
  2 ball pythons
  11 bats
  3 giant newts
  9 goblins
  8 rats
80 creatures vanquished.

Notes
Turn   | Place    | Note
--------------------------------------------------------------
     0 | D:1      | hannobal, the High Elf Skald, began the quest for the Orb.
     0 | D:1      | Reached XP level 1. HP: 14/14 MP: 4/4
   493 | D:1      | Reached XP level 2. HP: 16/19 MP: 0/6
  1185 | D:1      | Reached skill level 4 in Long Blades
  1335 | D:2      | Noticed Jessica
  1359 | D:1      | Reached XP level 3. HP: 18/24 MP: 6/8
  1508 | D:1      | Learned a level 2 spell: Song of Slaying
  1511 | D:1      | Learned a level 2 spell: Shroud of Golubria
  1605 | D:1      | Killed Jessica
  1605 | D:1      | Reached skill level 5 in Long Blades
  1867 | D:1      | Reached XP level 4. HP: 22/29 MP: 6/11
  2551 | D:3      | Reached skill level 6 in Long Blades
  2677 | D:2      | Reached skill level 1 in Armour
  2991 | D:3      | Reached XP level 5. HP: 32/34 MP: 6/12
  3035 | D:3      | Reached skill level 1 in Translocations
  3040 | D:3      | Learned a level 3 spell: Spectral Weapon
  3130 | D:3      | Found a shimmering altar of Xom.
  3176 | D:3      | Reached skill level 1 in Hexes
  3918 | D:3      | Found a burning altar of Makhleb.
  3918 | D:3      | Found a sacrificial altar of Ru.
  3921 | D:3      | Became a worshipper of Ru the Awakened
  3952 | D:3      | Reached XP level 6. HP: 33/39 MP: 10/15
  4053 | D:3      | Noticed Crazy Yiuf
  4416 | D:3      | Killed Crazy Yiuf
  4416 | D:3      | Reached skill level 5 in Charms
  4565 | D:3      | Found a sparkling altar of Nemelex Xobeh.
  4724 | D:3      | HP: 1/39 [centaur/arrow (13)]
  4724 | D:3      | Shot with an arrow by a centaur

Action                   |  1- 3 |  4- 6 || total
-------------------------+-------+-------++-------
Melee: Falchion          |   104 |   175 ||   279
       Spear             |     9 |       ||     9
 Fire: Blowgun           |       |     1 ||     1
Throw: Stone             |     7 |     7 ||    14
 Cast: Infusion          |    15 |    23 ||    38
       Shroud of Golubri |     2 |     6 ||     8
  Use: Scroll            |     5 |     7 ||    12
       Potion            |     4 |     1 ||     5
  Eat: Chunk             |     3 |     9 ||    12
       Fruit             |       |     2 ||     2
